Map: Lightshade LE

Players

Has - Winner!

  • Race: Protoss Protoss

Lemon

  • Race: Terran Terran

VOD

Have the link to the VOD?

Description

Time

  • Played on: Sept. 29, 2021, 7:09 a.m.
  • Length: 3:34
Show
View Real Time Build Order
Export as new Build Order

Has Protoss - Winner!

Build Orders:  

Get SALT Encoding   

  12  0:01  Probe  
  13  0:13  Probe  
  14  0:18  Pylon  
  14  0:25  Probe  
  15  0:35  Pylon  
  15  0:37  Probe  
  16  0:53  Gateway  
  16  0:57  Gateway  
  16  1:01  Probe  
  17  1:08  Assimilator  
  17  1:13  Probe  
  18  1:25  Probe  
  20  1:40  Zealot (Chrono Boost)  
  20  1:42  Cybernetics Core  
  20  1:43  Zealot (Chrono Boost)  
  20  1:46  Pylon  
  23  1:47  Probe  
  23  2:01  Zealot x2 (Chrono Boost)  
  27  2:24  Stalker (Chrono Boost)  
  27  2:27  Stalker (Chrono Boost)  
  29  2:37  Probe  
  30  2:47  Stalker  
  30  2:51  Probe  
  29  3:03  Probe  
  28  3:15  Probe  
Show
View Real Time Build Order
Export as new Build Order

Lemon Terran 

Build Orders:  

Get SALT Encoding   

  12  0:00  SCV  
  13  0:12  SCV  
  14  0:17  Supply Depot  
  14  0:24  SCV  
  15  0:38  SCV  
  15  0:41  Barracks  
  16  0:43  Refinery  
  16  0:50  SCV  
  17  1:03  SCV  
  18  1:15  SCV  
  19  1:27  Orbital Command  
  19  1:29  Marine  
  20  1:40  Command Center  
  20  1:51  Barracks Reactor  
  20  1:54  SCV  
  20  1:58  Supply Depot  
  21  2:06  SCV  
  22  2:09  Bunker  
  22  2:14  Engineering Bay  
  22  2:18  SCV  
  23  2:26  Marine  
  24  2:35  SCV  
  23  2:44  Marine  
  19  3:01  Orbital Command  
  19  3:02  Marine  
Tags
 
Add a new tag
Caveats
  • Supply blocks, unpowered buildings, or Contaminate may cause inaccurate times.
  • Supply counts are checked every 10 seconds.